 Dungeon Crawl Stone Soup version 0.28.0-43-g3370ac3207 (webtiles) character file.

Game seed: 8865763974750304615

200 Ablot the Grasshopper (level 5, -1/41 (43) HPs)
             Began as a Gnoll Warper on Feb 27, 2022.
             Slain by a crimson imp
             ... wielding a +0 dagger of chaos
              (2 damage)
             ... on level 2 of the Dungeon.
             The game lasted 00:03:38 (3631 turns).

Ablot the Grasshopper (Gnoll Warper)                Turns: 3631, Time: 00:03:39

HP:   -1/41 (43)    AC:  6    Str: 12    XL:     5   Next: 78%
MP:   12/12         EV: 19    Int: 12    God:
Gold: 118           SH:  0    Dex: 18    Spells: 12/14 levels left

rFire   . . .      SeeInvis .   a - +0 spear
rCold   . . .      Faith    .   (no shield)
rNeg    . . .      Spirit   .   b - +0 leather armour
rPois   .          Reflect  .   (no helmet)
rElec   .          Harm     .   (no cloak)
rCorr   .          Rampage  .   i - +1 pair of gloves
Will    .....                   h - +0 pair of boots
Stlth   ++........              (no amulet)
HPRegen 0.13/turn               o - +6 ring of dexterity
MPRegen 0.13/turn               (no ring)

@: agile, hasted, lightly drained, very quick
A: fangs 1, strong nose, distributed training
a: no special abilities


You were on level 2 of the Dungeon.
You visited 1 branch of the dungeon, and saw 3 of its levels.

You collected 118 gold pieces.

Inventory:

Hand Weapons
 a - a +0 spear (weapon)
Missiles
 d - 5 boomerangs of dispersal (quivered)
 f - 49 arrows
 g - 38 stones
Armour
 b - a +0 leather armour (worn)
 h - a +0 pair of boots (worn)
 i - a +1 pair of gloves (worn)
Magical Staves
 l - a staff of earth
 m - a staff of cold
Jewellery
 o - a +6 ring of dexterity (left hand)
Wands
 k - a wand of flame (17)
Scrolls
 c - a scroll of blinking
 e - 2 scrolls of teleportation {unknown}
Potions
 j - a potion of invisibility
 n - a potion of magic {unknown}


   Skills:
 + Level 4.8 Fighting
 + Level 1.6 Short Blades
 + Level 1.6 Long Blades
 + Level 1.6 Axes
 + Level 1.6 Maces & Flails
 + Level 4.8 Polearms
 + Level 1.6 Staves
 + Level 1.6 Slings
 + Level 1.6 Bows
 + Level 1.6 Crossbows
 + Level 3.0 Throwing
 + Level 3.0 Armour
 + Level 4.8 Dodging
 + Level 1.6 Stealth
 + Level 1.6 Shields
 + Level 1.6 Unarmed Combat
 + Level 5.2 Spellcasting
 + Level 1.3 Conjurations
 + Level 1.3 Hexes
 + Level 1.3 Summonings
 + Level 1.3 Necromancy
 + Level 5.6 Translocations
 + Level 1.3 Transmutations
 + Level 1.3 Fire Magic
 + Level 1.3 Ice Magic
 + Level 1.3 Air Magic
 + Level 1.3 Earth Magic
 + Level 1.3 Poison Magic
 + Level 1.8 Invocations
 + Level 1.6 Evocations


You had 12 spell levels left.
You knew the following spells:

 Your Spells              Type           Power      Damage    Failure   Level
a - Blink                 Tloc           32%        N/A       3%          2

Your spell library contained the following spells:

 Spells                   Type           Power      Damage    Failure   Level
 Gell's Gravitas          Tloc           16%        N/A       8%          3
 Lesser Beckoning         Tloc           16%        N/A       8%          3
 Teleport Other           Tloc           16%        N/A       8%          3
 Manifold Assault         Tloc           16%        N/A       56%         5


Dungeon Overview and Level Annotations

Branches:
Dungeon (3/15)

Altars:
Nemelex Xobeh
Xom


Innate Abilities, Weirdness & Mutations

You have very sharp teeth.
Your uncanny sense of smell can sniff out nearby items.
Your experience applies equally to all skills.


Message History

The crimson imp is moderately wounded.
You hit the crimson imp.
The crimson imp is severely wounded.
You feel yourself slow down.
The crimson imp blinks!
The crimson imp hits you with a +0 dagger of chaos.
You are confused.
You bump into the rock wall.
The crimson imp hits you but does no damage.
You are poisoned.
You bump into the rock wall.
You feel sick.
The crimson imp hits you with a +0 dagger of chaos.
* * * LOW HITPOINT WARNING * * *
You are more confused.
You closely miss the crimson imp.
You feel sick.
The crimson imp summons a swarm of flies.
The crimson imp hits you but does no damage.
You feel drained.
You bump into the stone wall.
You feel sick.
The crimson imp hits you but does no damage.
You feel agile all of a sudden.
You bump into the rock wall.
You feel sick. The crimson imp closely misses you.
You miss the crimson imp.
You bite the crimson imp, but do no damage.
You feel sick. The crimson imp completely misses you.
You bump into the stone wall.
You feel sick.
The crimson imp hits you but does no damage.
You feel yourself speed up.
You bump into the stone wall.
You feel sick.
You are no longer poisoned.
You closely miss the crimson imp.
The crimson imp hits you with a +0 dagger of chaos.
* * * LOW HITPOINT WARNING * * *
You resist with some effort.
The crimson imp blinks!
You bump into the rock wall.
You feel less confused.
You hit the crimson imp. You bite the crimson imp.
The crimson imp is heavily wounded.
The crimson imp hits you with a +0 dagger of chaos.
You die...

.#########........#
#..#.#.#...
###.....###########
#..#.#.###.
#.........##
########..........
...........##
#............>).#.
.....§......##
#.###########'###.
...≈§≈≈≈.....###.#
#.# #)
..§§###≈≈.....##§#
#.# #. .≈≈##
##≈≈....##5# #.# #.
≈§## ##§≈....#@#
#.# #. §##
##§....#.# #.###.
≈# #§≈...#.# #.....
≈## ##≈....#.#
#.###. ≈§##
##≈§....#5# ### #.
§§≈## ##≈§.§..##.#
#.
..≈≈###§≈.....##.#
##
...≈≈≈≈≈.....##..#
.....≈......##..##


You could see 2 crimson imps.

Vanquished Creatures
  A howler monkey (D:3)
  Jessica (D:3)
  Terence (D:3)
  4 adders (D:2)
  An adder zombie (D:3)
  A worm (D:2)
  4 dart slugs
  4 bats (D:1)
  5 endoplasms
  A giant cockroach (D:1)
  5 goblins
  5 hobgoblins
  7 jackals
  5 kobolds
  3 quokkas
  4 ball pythons
  5 frilled lizards
  5 rats
62 creatures vanquished.

Notes
Turn   | Place    | Note
-------+----------+-------------------------------------------
     0 | D:1      | Ablot the Gnoll Warper began the quest for the Orb.
     0 | D:1      | Reached XP level 1. HP: 20/20 MP: 6/6
   181 | D:1      | Reached XP level 2. HP: 24/26 MP: 7/7
   184 | D:1      | Learned a level 2 spell: Blink
   643 | D:1      | Reached XP level 3. HP: 28/31 MP: 9/9
   755 | D:1      | Reached skill level 5 in Spellcasting
  1585 | D:2      | Found a sparkling altar of Nemelex Xobeh.
  1607 | D:2      | Reached skill level 1 in Invocations
  1992 | D:2      | Reached skill level 1 in Short Blades
  1992 | D:2      | Reached skill level 1 in Long Blades
  1992 | D:2      | Reached skill level 1 in Axes
  1992 | D:2      | Reached skill level 1 in Maces & Flails
  1992 | D:2      | Reached skill level 1 in Staves
  1992 | D:2      | Reached skill level 1 in Slings
  1992 | D:2      | Reached skill level 1 in Bows
  1992 | D:2      | Reached skill level 1 in Crossbows
  1992 | D:2      | Reached skill level 1 in Stealth
  1992 | D:2      | Reached skill level 1 in Shields
  1992 | D:2      | Reached skill level 1 in Unarmed Combat
  1992 | D:2      | Reached skill level 1 in Evocations
  2045 | D:2      | Reached XP level 4. HP: 18/38 MP: 11/11
  2774 | D:3      | Reached skill level 1 in Conjurations
  2774 | D:3      | Reached skill level 1 in Hexes
  2774 | D:3      | Reached skill level 1 in Summonings
  2774 | D:3      | Reached skill level 1 in Necromancy
  2774 | D:3      | Reached skill level 1 in Transmutations
  2774 | D:3      | Reached skill level 1 in Fire Magic
  2774 | D:3      | Reached skill level 1 in Ice Magic
  2774 | D:3      | Reached skill level 1 in Air Magic
  2774 | D:3      | Reached skill level 1 in Earth Magic
  2774 | D:3      | Reached skill level 1 in Poison Magic
  2872 | D:3      | Noticed Jessica
  2875 | D:3      | Reached XP level 5. HP: 43/43 MP: 12/12
  2886 | D:3      | Killed Jessica
  2896 | D:3      | Noticed Terence
  2907 | D:3      | Found a shimmering altar of Xom.
  3130 | D:3      | Killed Terence
  3149 | D:3      | HP: 2/42 [crimson imp/+0 dagger of chaos (17)]
  3562 | D:2      | Paralysed by a crimson imp for 6 turns
  3629 | D:2      | HP: 1/41 [crimson imp/+0 dagger of chaos (3)]
  3631 | D:2      | Slain by a crimson imp

Illustrated notes

Levels and vault maps discovered:
D:1:      matt_arrival_los_fun, layout_basic
D:2:      layout_basic, basic_altar, minmay_misc_feat_nine_boxes,
          kennysheep_donut, kennysheep_cross_room, kennysheep_generic_room_12
D:3:      layout_rooms, lemuel_round_altar, kennysheep_vampire_church,
          led_xom_imps, gammafunk_ghost_stat_death,
          dreamdust_ecumenical_altar_angels_and_demons,
          kennysheep_generic_room_15, uniq_jessica, uniq_terence

Skill      XL: |  1  2  3  4  5 |
---------------+----------------+-----
Spellcasting   | 5 |  5.2
Invocations    | 1 |  1.8
Short Blades   | 1 |  1.6
Long Blades    | 1 |  1.6
Axes           | 1 |  1.6
Maces & Flails | 1 |  1.6
Staves         | 1 |  1.6
Slings         | 1 |  1.6
Bows           | 1 |  1.6
Crossbows      | 1 |  1.6
Stealth        | 1 |  1.6
Shields        | 1 |  1.6
Unarmed Combat | 1 |  1.6
Evocations     | 1 |  1.6
Conjurations   | 1 |  1.3
Hexes          | 1 |  1.3
Summonings     | 1 |  1.3
Necromancy     | 1 |  1.3
Transmutations | 1 |  1.3
Fire Magic     | 1 |  1.3
Ice Magic      | 1 |  1.3
Air Magic      | 1 |  1.3
Earth Magic    | 1 |  1.3
Poison Magic   | 1 |  1.3
Throwing       | 3 |  3.0
Armour         | 3 |  3.0
Fighting       | |  4.8
Polearms       | |  4.8
Dodging        | |  4.8
Translocations | |  5.6

Action                   |  1- 3 |  4- 6 || total
-------------------------+-------+-------++-------
Melee: Spear             |   142 |   218 ||   360
       Bite              |     9 |    23 ||    32
       Punch             |     3 |     4 ||     7
Evoke: Wand              |       |     2 ||     2
  Use: Potion            |       |     1 ||     1
 Stab: Sleeping          |     3 |       ||     3
       Distracted        |     1 |       ||     1
       Invisible         |       |     5 ||     5
Armor: Leather armour    |    33 |    61 ||    94
Dodge: Dodged            |    40 |   159 ||   199
